 Dungeon Sprint DCSS version 0.17-a0-1570-g74b7129 (webtiles) character file.

0 nuthulu the Cudgeler (level 3, -1/39 HPs)
             Began as a Troll Berserker on July 23, 2015.
             Was a Believer of Trog.
             Slain by Grinder (6 damage)
             ... while paralysed by Grinder
             ... in the Dungeon (Sprint VI: "Thunderdome").
             The game lasted 00:00:43 (61 turns).

nuthulu the Cudgeler (Troll Berserker)                Turns: 61, Time: 00:00:43

Health: -1/39      AC:  5    Str: 25      XL:     3   Next: 35%
Magic:  2/2        EV:  1    Int:  3      God:    Trog [**....]
Gold:   143        SH:  0    Dex:  8 (10) Spells: 0 memorised, 2 levels left

rFire  . . .     SeeInvis .     n - +0 giant spiked club
rCold  . . .     Clarity  .     b - +0 animal skin
rNeg   . . .     SustAt   .     (no shield)
rPois  .         Gourm    +     (helmet restricted)
rElec  .         Spirit   .     (no cloak)
rCorr  .         Warding  .     (gloves unavailable)
rMut   .         NoTele   +     (boots unavailable)
MR     .....                    (no amulet)
Stlth  +.........               (no ring)
                                (no ring)

@: paralysed, not resistant to hostile enchantments, very unstealthy
A: unfitting armour, claws 3, fast metabolism 3, gourmand, regeneration 2,
shaggy fur 1, tough skin 2
a: Burn Spellbooks, Berserk, Trog's Hand, Renounce Religion


You were in the Dungeon.
You worshipped Trog.
Trog was pleased with you.
You were not hungry.

You visited 1 branch You collected 200 gold pieces.
You spent 57 gold pieces at shops.

Inventory:

Hand weapons
 a - a +0 mace
 n - a +0 giant spiked club (weapon)
Armour
 b - a +0 animal skin (worn)
Magical devices
 j - a wand of cold (5)
 k - a wand of fire (5)
Scrolls
 i - 4 scrolls of blinking
 l - 3 scrolls of fog
Potions
 d - a potion of curing
 e - 3 potions of heal wounds
 f - 4 potions of haste
 g - 2 potions of magic
 h - a potion of berserk rage
 m - a potion of resistance
Comestibles
 c - 2 bread rations


   Skills:
 + Level 4.0 Fighting
 + Level 4.4 Maces & Flails
 + Level 4.0 Dodging


You had 2 spell levels left.
You didn't know any spells.

Dungeon Overview and Level Annotations

Branches:
Dungeon (1/1)

Altars:
Cheibriados
Dithmenos
Fedhas
Gozag
Okawaru
Ru
Sif Muna
Trog
Vehumet
Yredelemnul
The Shining One
Lugonu

Shops:
D *[%?**[(

Annotations:
D Grinder


Innate Abilities, Weirdness & Mutations

You are too large for most types of armour.
You have claws for hands.
Your metabolism is lightning-fast.
You like to eat raw meat.
You heal very quickly.
You are covered in fur (AC +1).
You have very tough skin (AC +2).


Message History

You writhe in agony.
* * * LOW HITPOINT WARNING * * *
Unknown command.
Drink which item? (? for menu, Esc to quit)
You feel much better. Grinder hits you.
You writhe in agony.
You bludgeon Grinder!!
Grinder is heavily wounded.
Grinder hits you but does no damage.
Grinder says, "There's only one good use for a tongue: cutting it out."
Grinder gestures at you.
You suddenly lose the ability to move!
Grinder hits you.
You writhe in agony.
You writhe in agony.
Grinder hits you.
You writhe in agony.
Grinder gestures.
Grinder blinks!
Grinder gestures at you. Pain shoots through your body!
* * * LOW HITPOINT WARNING * * *
Grinder hits you.
You die...

.. ... .... ###..... .###
#⌠...... ....⌠#
######.8..... ...8.#
##∩___......# ......
###∩...@....8.# .8.. ..
#.......5.....###.. ...
#⌠..........###...# ....
#⌠..........# #.<.# ....
#⌠..........###...###....
##.............###.......
###∩........8.# #.8.....
##∩_._......###......_
######.8.........8.##


You could see Grinder.

Vanquished Creatures
  A quasit (D)
  2 ufetubi (D)
3 creatures vanquished.

Notes
Turn   | Place    | Note
--------------------------------------------------------------
     0 | D        | nuthulu the Troll Berserker began the quest for the Orb.
     0 | D        | Reached XP level 1. HP: 22/22 MP: 0/0
     1 | D        | Found an opulent altar of Gozag.
     1 | D        | Found a shadowy altar of Dithmenos.
     2 | D        | Found a bloodstained altar of Trog.
     2 | D        | Found a glowing golden altar of the Shining One.
     3 | D        | Found an iron altar of Okawaru.
     4 | D        | Found a sacrificial altar of Ru.
     4 | D        | Found a snail-covered altar of Cheibriados.
     4 | D        | Found Amyfoj's Weapon Rack.
     4 | D        | Found Agiefy's Premium Goods.
     5 | D        | Found Xusab's Basic Armour.
     5 | D        | Found Joezxife's Miscellaneous Merchandise.
     5 | D        | Round 1.
     7 | D        | Noticed a quasit
    21 | D        | Killed a quasit
    21 | D        | Reached skill level 3 in Fighting
    21 | D        | Reached skill level 4 in Maces & Flails
    21 | D        | Reached XP level 2. HP: 24/32 MP: 1/1
    21 | D        | Reached XP level 3. HP: 29/39 MP: 2/2
    27 | D        | Bought a +0 giant spiked club for 57 gold pieces
    32 | D        | Found a deep blue altar of Sif Muna.
    34 | D        | Found a corrupted altar of Lugonu.
    35 | D        | Found Xoubass's Identification Station.
    35 | D        | Found a radiant altar of Vehumet.
    35 | D        | Found a blossoming altar of Fedhas.
    35 | D        | Found a basalt altar of Yredelemnul.
    35 | D        | Found Feuphuqee's Bee Food.
    39 | D        | Found Caprogavouw's Advanced Armour.
    39 | D        | Found Tatus's Jewellery.
    47 | D        | Noticed Grinder
    51 | D        | Acquired Trog's second power
    55 | D        | Paralysed by Grinder for 7 turns
    61 | D        | Slain by Grinder

Vault maps used:
D:        arena_sprint

Action                   || total
-------------------------++-------
Melee: Mace              ||    12
       Giant spiked club ||    11
  Use: Potion            ||     1
